 Dungeon Crawl Stone Soup version 0.30.0-29-ga12c61a403 (webtiles) character file.

Game seed: 757824467378920620

13636 Graphine the Blocker (level 11, -2/156 HPs)
             Began as a Minotaur Fighter on June 16, 2023.
             Was a Follower of Trog.
             Slain by an ogre
             ... wielding a +0 giant club
             ... led by an orc warlord
              (25 damage)
             ... on level 1 of the Orcish Mines.
             The game lasted 00:26:25 (10143 turns).

Graphine the Blocker (Minotaur Fighter)            Turns: 10143, Time: 00:26:25

Health: -2/156     AC: 19    Str: 24    XL:     11   Next: 78%
Magic:  10/10      EV:  7    Int:  5    God:    Trog [*.....]
Gold:   267        SH:  7    Dex: 11    Spells: 10/10 levels left

rFire   . . .        C - +5 flail (heavy)
rCold   + . .        c - +0 buckler
rNeg    . . .        b - +0 plate armour
rPois   .            (helmet restricted)
rElec   .            (no cloak)
rCorr   .            (no gloves)
SInv    .            i - +2 pair of boots
Will    .....        L - amulet of regeneration Stlth
                     D - ring of protection from cold
HPRegen 1.26/turn    (no ring)
MPRegen 0.12/turn

%: no passive effects
@: berserking, studying 2 skills, very quick
A: horns 2, retaliatory headbutt
a: Renounce Religion, Berserk


You were on level 1 of the Orcish Mines.
You worshipped Trog.
Trog was aware of your devotion.
You visited 3 branches of the dungeon, and saw 13 of its levels.
You also visited: Sewer.

You collected 592 gold pieces.
You spent 325 gold pieces at shops.

Inventory:

Hand Weapons
 a - a +2 flail
 x - a +3 long sword
 A - a +0 lajatang
 C - a +5 heavy flail (weapon)
Missiles
 g - 3 curare-tipped darts
 q - 4 silver boomerangs (quivered)
 s - 5 javelins
 y - 3 atropa-tipped darts
Armour
 b - a +0 plate armour (worn)
 c - a +0 buckler (worn)
 e - a +0 chain mail
 i - a +2 pair of boots (worn)
Jewellery
 j - an amulet of the acrobat
 k - an amulet of guardian spirit
 p - a +6 ring of intelligence
 v - a ring of ice
 D - a ring of protection from cold (left hand)
 L - an amulet of regeneration (around neck)
Wands
 n - a wand of mindburst (18)
 t - a wand of digging (5)
 z - a wand of flame (51)
 B - a wand of quicksilver (7)
 M - a wand of paralysis (3)
Scrolls
 d - a scroll of brand weapon
 f - 3 scrolls of magic mapping
 l - 3 scrolls of fear
 E - a scroll of enchant armour
 F - a scroll of fog
 K - a scroll of teleportation
Potions
 h - 3 potions of curing
 m - 4 potions of lignification
 o - 3 potions of haste
 r - 2 potions of mutation
 u - 2 potions of magic
 I - a potion of flight


   Skills:
 + Level 12.0 Fighting
 + Level 11.7 Maces & Flails
 + Level 12.0 Armour
 + Level 12.0 Shields


You had 10 spell levels left.
You didn't know any spells.
Your spell library contained the following spells:

 Spells                   Type           Power      Damage    Failure   Level
 Cigotuvi's Dreadful Rot  Necr/Pois/Air  0%         N/A       100%        2
 Ignite Poison            Fire/Tmut/Pois 0%         N/A       100%        3
 Inner Flame              Hex/Fire       0%         N/A       100%        3
 Vhi's Electric Charge    Tloc/Air       0%         N/A       100%        3
 Dispel Undead            Necr           0%         3d6       100%        4
 Flame Wave               Conj/Fire      0%         2d4       100%        4
 Sticky Flame             Conj/Fire      0%         2d3       100%        4
 Arcjolt                  Conj/Air       0%         1d10      100%        5
 Freezing Cloud           Conj/Ice/Air   0%         6-21      100%        5
 Death Channel            Necr           0%         N/A       100%        6
 Plasma Beam              Fire/Air       0%         2x1d11    100%        6


Dungeon Overview and Level Annotations

Branches:
Dungeon (12/15)            Temple (1/1) D:6             Orc (1/2) D:12
  Sewer (visited)
   Lair: D:8-11

Altars:
Cheibriados
Dithmenos
Elyvilon
Fedhas
Hepliaklqana
Makhleb
Nemelex Xobeh
Okawaru
Qazlal
Sif Muna
Trog
Uskayaw
Vehumet
Wu Jian
Xom
Yredelemnul
Zin
The Shining One

Shops:
D:2 =   D:4 *   D:10 *


Innate Abilities, Weirdness & Mutations

You have a pair of horns on your head.
You reflexively headbutt those who attack you in melee.


Message History

You sock the orc warlord!
You headbutt the orc warlord, but do no damage.
The orc warlord is lightly wounded.
The orc warlord roars a battlecry!
An orc comes into view. It is wielding a +0 short sword.
You hear a shout!
You hit the orc warlord. You headbutt the orc warlord!
The orc warlord is moderately wounded.
An orc warrior comes into view.
It is wielding a +2 scimitar of protection.
An orc comes into view. It is wielding a +0 short sword.
The orc warlord hits you with a +0 battleaxe!!
The warg bites you but does no damage.
You crush the orc warlord like a grape!!!
You headbutt the orc warlord!!
The orc warlord is almost dead.
The warg bites you but does no damage.
The orc warlord hits you with a +0 battleaxe!!
An orc comes into view. It is wielding a +0 dagger.
You closely miss the orc warlord. Your headbutt misses the orc warlord.
The orc warlord is almost dead.
The warg bites you!
* * * LOW HITPOINT WARNING * * *
The orc warlord hits you with a +0 battleaxe!!
* * * LOW HITPOINT WARNING * * *
You are too berserk!
You sock the orc warlord!
You kill the orc warlord!
Trog accepts your kill. The warg bites you but does no damage.
Your Fighting skill increases to level 12!
Your Armour skill increases to level 12!
Your Shields skill increases to level 12!
You sock the orc warrior!
The orc warrior is heavily wounded.
The warg bites you but does no damage.
You hit the orc warrior. You headbutt the orc warrior.
The orc warrior is severely wounded.
You block the warg's attack.
The ogre hits you with a +0 giant club!!
You die...

..............
..#..........
.............
.....o......
...o.....).
#######o..o..)..#
#.(..(#oo.o.)#$.#
#.(.o@#oo......^..
#...(hO.)..........
#/...o'.))..#......
#..$.$').#.#........
#♣...8#..##.........
#.....#..#......#...
#######..#..#......
#..........#..#...
##..#..........#


You could see a warg, 4 orc warriors, an ogre, an orc wizard (strong) and 6
orcs.

Vanquished Creatures
  The ghost of Jisity the Bludgeoner, an adept HuFi of Okawaru (Orc:1)
  An orc warlord (Orc:1)
  Snorg (D:10)
  2 two-headed ogres
  Sonja (D:11)
  2 cyclopes
  Maurice (D:11)
  A gargoyle (D:11)
  2 trolls
  A hornet (D:7)
  Grinder (D:3)
  A shadow (D:10)
  4 wyverns
  9 yaks
  2 steam dragons (D:7)
  3 vampire mosquitoes
  Edmund (D:5)
  Duvessa (D:5)
  Menkaure (D:5)
  3 water moccasins
  A black bear (D:4)
  A swamp drake (D:12)
  10 orc warriors
  2 sky beasts (D:7)
  3 centaurs
  An ogre (D:6)
  A phantom (D:5)
  The ghost of hitsuchi the Stinger, an amateur OpVM (D:6)
  2 kobold brigands
  A bullfrog (D:6)
  A gnoll sergeant (D:7)
  4 scorpions
  6 wights
  Dowan (D:5)
  6 killer bees
  2 howler monkeys
  5 jellies
  8 orc priests
  3 hounds
  A sleepcap (D:4)
  2 iguanas
  6 orc wizards
  Ijyb (D:3)
  11 adders
  16 gnolls
  2 shadow imps (D:6)
  A white imp (D:7)
  An ufetubus (D:5)
  2 worms
  29 orcs
  4 ball pythons
  2 bats
  13 endoplasms
  A giant cockroach (D:2)
  7 goblins
  12 hobgoblins
  A jackal (Sewer)
  3 quokkas
  4 frilled lizards
  31 kobolds
  3 rats
251 creatures vanquished.

Vanquished Creatures (others)
  An orc (D:12)
1 creature vanquished.

Grand Total: 252 creatures vanquished

Notes
Turn   | Place    | Note
-------+----------+-------------------------------------------
     0 | D:1      | Graphine the Minotaur Fighter began the quest for the Orb.
     0 | D:1      | Reached XP level 1. HP: 19/19 MP: 0/0
   194 | D:1      | Reached XP level 2. HP: 27/27 MP: 1/1
   951 | D:2      | Reached XP level 3. HP: 33/33 MP: 2/2
  1185 | D:2      | Reached XP level 4. HP: 15/41 MP: 3/3
  1639 | D:2      | Found Upuah's Jewellery Boutique.
  1892 | D:2      | Reached XP level 5. HP: 47/47 MP: 4/4
  2053 | D:3      | Found a glowing drain.
  2065 | Sewer    | Entered a sewer
  2119 | Sewer    | Noticed a water moccasin
  2124 | Sewer    | Killed a water moccasin
  2125 | Sewer    | Reached skill level 5 in Fighting
  2125 | Sewer    | Reached skill level 5 in Armour
  2125 | Sewer    | Reached skill level 5 in Shields
  2246 | D:3      | Noticed Ijyb
  2256 | D:3      | Killed Ijyb
  2257 | D:3      | Reached XP level 6. HP: 41/56 MP: 5/5
  2357 | D:3      | Noticed Grinder
  2358 | D:3      | Paralysed by Grinder for 3 turns
  2364 | D:3      | Paralysed by Grinder for 5 turns
  2374 | D:3      | Killed Grinder
  2762 | D:3      | Found a faded altar of an unknown god.
  3003 | D:4      | Reached skill level 5 in Maces & Flails
  3003 | D:4      | Reached XP level 7. HP: 57/62 MP: 6/6
  3251 | D:4      | Noticed a wyvern
  3255 | D:4      | Killed a wyvern
  3431 | D:4      | Found Juraw's Neck Hole.
  3887 | D:5      | Entered Level 5 of the Dungeon
  3887 | D:5      | Noticed Duvessa
  3887 | D:5      | Noticed Dowan
  3902 | D:5      | Killed Duvessa
  3903 | D:5      | Killed Dowan
  4094 | D:5      | Noticed Menkaure
  4099 | D:5      | Killed Menkaure
  4100 | D:5      | Reached XP level 8. HP: 71/71 MP: 7/7
  4775 | D:5      | Noticed Edmund
  4794 | D:5      | Killed Edmund
  5260 | D:6      | Found a staircase to the Ecumenical Temple.
  5267 | Temple   | Entered the Ecumenical Temple
  5350 | D:6      | Found a runed translucent gate.
  5376 | D:6      | Noticed hitsuchi's ghost (amateur OpVM)
  5377 | D:6      | Found a runed translucent gate.
  5377 | D:6      | Found a runed translucent gate.
  5527 | D:6      | Reached XP level 9. HP: 71/81 MP: 8/8
  5582 | D:6      | Found a radiant altar of Vehumet.
  5784 | D:6      | Killed hitsuchi's ghost
  5930 | D:2      | Bought a ring of protection from cold for 325 gold pieces
  6427 | D:7      | Paralysed by a hornet for 1 turns
  6715 | D:7      | Reached XP level 10. HP: 87/91 MP: 9/9
  6934 | D:7      | Noticed a cyclops
  6944 | D:7      | Killed a cyclops
  7291 | D:8      | You fall into a shaft and drop 2 floors!
  7291 | D:10     | Entered Level 10 of the Dungeon
  7357 | D:10     | Found Zin's Purification Station.
  7361 | D:10     | Found a glowing silver altar of Zin.
  7452 | D:10     | Noticed Snorg
  7463 | D:10     | HP: 1/93 [Snorg (9)]
  7466 | D:10     | Killed Snorg
  7467 | D:10     | Reached skill level 10 in Fighting
  7467 | D:10     | Reached skill level 10 in Armour
  7467 | D:10     | Reached skill level 10 in Shields
  7666 | D:10     | Noticed a two-headed ogre
  7678 | D:10     | Killed a two-headed ogre
  7679 | D:10     | Reached skill level 10 in Maces & Flails
  8396 | D:10     | Found a bloodstained altar of Trog.
  8396 | D:10     | Found a hazy altar of Hepliaklqana.
  8573 | D:11     | Noticed Sonja
  8573 | D:11     | Noticed a two-headed ogre
  8583 | D:11     | Killed Sonja
  8585 | D:11     | Killed a two-headed ogre
  8586 | D:11     | Reached XP level 11. HP: 59/101 MP: 10/10
  8682 | D:10     | Became a worshipper of Trog the Wrathful
  9610 | D:11     | Noticed Maurice
  9617 | D:11     | Killed Maurice
  9762 | D:12     | Reached * piety under Trog
  9774 | D:12     | Found a staircase to the Orcish Mines.
 10043 | Orc:1    | Entered Level 1 of the Orcish Mines
 10060 | Orc:1    | Found a runed translucent gate.
 10060 | Orc:1    | Found a runed translucent gate.
 10061 | Orc:1    | Found a runed translucent gate.
 10069 | Orc:1    | Noticed Jisity's ghost (adept HuFi)
 10125 | Orc:1    | Killed Jisity's ghost
 10125 | Orc:1    | Noticed an orc warlord
 10141 | Orc:1    | Killed an orc warlord
 10143 | Orc:1    | Slain by an ogre

Illustrated notes

Levels and vault maps discovered:
D:1:      dpeg_arrival_erosion, layout_loops_corners
D:2:      cheibrodos_fertilizer, layout_basic, serial_shops, shop,
          hangedman_feature_mirror
D:3:      layout_basic, hellmonk_ecumenical_altar_crossroads,
          portal_sewer_entry_d, uniq_grinder, uniq_ijyb
D:4:      layout_loops_ring, nicolae_shop_sticking_my_neck_out
D:5:      layout_loops_ring, sigmund_army, uniq_duvessa, uniq_menkaure,
          uniq_edmund
D:6:      layout_rooms, nicolae_vehumet_altar_sigil, minmay_temple_entry_waves,
          gammafunk_ghost_split, nrook_mini_vaults, lemuel_flamethrower_1
D:7:      layout_rooms, minmay_manual_monstrance
D:8:      layout_loops_ring, mainiacjoe_overflow_alcove_4,
          nicolae_ashenzari_skybound
D:10:     layout_loops_ring, zin_purify, nicolae_overflow_hidden_temple,
          minivault_26, uniq_snorg
D:11:     layout_stronghold, uniq_maurice, uniq_sonja
D:12:     layout_basic, erik_orc_1, st_stairs_14
Temple:   nicolae_temple_two_arcs
Orc:1:    layout_caves, ebering_ghost_rock_garden

Skill      XL: |  1  2  3  4  5  6  7  8  9 10 11 |
---------------+----------------------------------+-----
Armour         | 4 5 6 7 9 10 12 | 12.0
Shields        | 4 5 6 7 9 10 12 | 12.0
Fighting       | 4 5 6 7 9 10 12 | 12.0
Maces & Flails | 3 4 5 6 7 9 10 11 | 11.7

Action                     |  1- 3 |  4- 6 |  7- 9 | 10-12 || total
---------------------------+-------+-------+-------+-------++-------
  Melee: Flail             |    71 |    93 |   262 |   245 ||   671
         Headbutt          |    10 |     7 |    46 |    53 ||   116
  Throw: Boomerang         |       |       |    26 |       ||    26
 Invoke: Berserk           |       |       |       |     1 ||     1
  Evoke: Wand              |       |       |       |     3 ||     3
    Use: Scroll            |     5 |     5 |     7 |     9 ||    26
         Potion            |       |       |     3 |     5 ||     8
 Armour: Scale mail        |    16 |       |       |       ||    16
         Chain mail        |    14 |    49 |   171 |   122 ||   356
         Plate armour      |       |       |       |     8 ||     8
  Dodge: Dodged            |    34 |    29 |   133 |   113 ||   309
  Block: Buckler           |    12 |    12 |    88 |    77 ||   189
